 Dungeon Crawl Stone Soup version 0.26.1-11-gd32895ea62 (webtiles) character file.

Game seed: 18301611464257062904

54 Zeld the Poker (level 3, -12/29 HPs)
             Began as a Merfolk Monk on May 25, 2021.
             Killed by divine providence
             ... invoked by an orc priest
              (14 damage)
             ... on level 2 of the Dungeon.
             The game lasted 00:01:56 (2662 turns).

Zeld the Poker (Merfolk Monk)                       Turns: 2662, Time: 00:01:56

Health: -12/29     AC:  3    Str: 12    XL:     3   Next: 91%
Magic:  3/3        EV: 14    Int:  9    God:
Gold:   139        SH:  0    Dex: 16    Spells: 2/2 levels left

rFire    . . .     SeeInvis .   a - +0 spear
rCold    . . .     Faith    .   (no shield)
rNeg     . . .     Spirit   .   b - +0 robe
rPois    .         Reflect  .   c - +0 helmet
rElec    .         Harm     .   (no cloak)
rCorr    .         Rampage  .   (no gloves)
Will     .....                  (no boots)
Stlth    ++........             (no amulet)
HPRegen  0.09/turn              (no ring)
MPRegen  0.08/turn              (no ring)

@: no status effects
A: change form in water, swift swim, stealthy swim
a: no special abilities


You were on level 2 of the Dungeon.
You visited 1 branch of the dungeon, and saw 3 of its levels.

You collected 139 gold pieces.

Inventory:

Hand Weapons
 a - a +0 spear (weapon)
Armour
 b - a +0 robe (worn)
 c - a +0 helmet (worn)
Scrolls
 d - 2 scrolls of enchant weapon {unknown}
 e - 3 scrolls of magic mapping {unknown}
 f - a scroll of amnesia {unknown}
 i - 2 scrolls of identify {unknown}
 j - a scroll of enchant armour {unknown}
 l - a scroll of remove curse {unknown}
 n - a scroll of fog {unknown}
Potions
 g - 2 potions of flight {unknown}
 h - a potion of lignification {unknown}
 k - 2 potions of curing {unknown}
 m - a potion of mutation {unknown}


   Skills:
 - Level 3.2 Fighting
 * Level 6.8 Polearms
 - Level 4.0 Dodging
 - Level 2.1 Stealth


You had 2 spell levels left.
You didn't know any spells.
Your spell library was empty.

Dungeon Overview and Level Annotations

Branches:
Dungeon (3/15)

Altars:
Ashenzari


Message History

The orc priest misses you. The orc hits you with a +0 short sword.
You climb upwards.
There is a stone staircase leading down here.
The orc barely misses you.
The orc priest mumbles some strange prayers to Beogh against you.
Pain shoots through your body!
You are too injured to fight recklessly!
You hit the orc.
The orc is lightly wounded.
The orc closely misses you.
The orc priest calls down the wrath of Beogh upon you.
Beogh smites you!
* * * LOW HITPOINT WARNING * * *
You are too injured to fight recklessly!
You are too injured to fight recklessly!
You are too injured to fight recklessly!
The orc priest looks satisfied for a moment.
The orc priest invokes the aid of Beogh against you.
Beogh smites you!
You die...

### ############.#
#<...........#
############.# #.# #.#
############## #.#####
#...o..o.@...# #.#...#
#.##########.# #.#.#.#
#.##########.# #.#.#.#
#...o......#.# #.#.#.#
###########.#.# #.#.#.#
#.........#.#.###.#.#.#####
#.##.#.##.>................
#.#..#.##...#.#.#.#.#.#####
#.##.#.##...#.#.#<..#.#####


You could see an orc priest and an orc.

Vanquished Creatures
  An ooze (D:1)
  3 worms
  A dart slug (D:2)
  A leopard gecko (D:2)
  An orc (D:3)
  2 giant cockroaches
  3 goblins (D:1)
  2 hobgoblins (D:1)
  10 jackals
  3 kobolds (D:1)
  5 bats
  A rat (D:1)
33 creatures vanquished.

Notes
Turn   | Place    | Note
-------+----------+-------------------------------------------
     0 | D:1      | Zeld the Merfolk Monk began the quest for the Orb.
     0 | D:1      | Reached XP level 1. HP: 18/18 MP: 1/1
   295 | D:1      | Reached skill level 5 in Polearms
   300 | D:1      | Reached XP level 2. HP: 24/24 MP: 2/2
   985 | D:2      | Reached skill level 6 in Polearms
   985 | D:2      | Reached XP level 3. HP: 25/29 MP: 3/3
  1381 | D:2      | Found a broken altar of Ashenzari.
  2644 | D:2      | HP: 1/29 [orc priest/divine providence (12)]
  2662 | D:2      | Killed from afar by an orc priest

Illustrated notes

Levels and vault maps discovered:
D:1:      ebering_trefoil_3fold, layout_basic
D:2:      layout_basic, nicolae_overflow_hidden_temple
D:3:      layout_basic, lemuel_zombie_altar_kikubaaqudgha, roderic_batcave,
          chequers_serial_rivers_large_a, minmay_bisected, uniq_robin

Skill      XL: |  1  2 |
---------------+-------+-----
Polearms       | 5 6 |  6.8
Fighting       | |  3.2
Dodging        | |  4.0
Stealth        | |  2.1

Action                   || total
-------------------------++-------
Melee: Spear             ||   156
 Stab: Sleeping          ||     4
Armor: Robe              ||    35
Dodge: Dodged            ||    98
